 Dungeon Crawl Stone Soup version 0.16-a0-3330-g2931290 (webtiles) character file.

985882 Chiseanne the Archmage (level 27, 0/197 (201) HPs)
             Began as a Demonspawn Fire Elementalist on Dec 27, 2014.
             Was the Champion of Vehumet.
             Killed from afar by a Hell Sentinel (43 damage)
             ... with a blast of hellfire
             ... on level 7 of the Iron City of Dis on Dec 28, 2014.
             The game lasted 14:58:21 (116380 turns).

Chiseanne the Archmage (DsFE)                     Turns: 116380, Time: 14:58:21

HP:   0/197 (201)   AC: 26    Str:  8    XL:     27
MP:   0/58          EV: 17    Int: 29    God:    Vehumet [******]
Gold: 8828          SH: 11    Dex: 20    Spells: 16 memorised, 0 levels left

rFire  + + +     SeeInvis +     d - staff of power
rCold  + . .     Clarity  +     v - -2 ring mail of Baldness {rPois rF++ rC+}
rNeg   + + +     SustAb   .     e - -1 shield of Culiu {rC++ SInv}
rPois  ∞         Gourm    .     (helmet unavailable)
rElec  +         Spirit   +     U - +2 cloak {MR+}
rCorr  .         Warding  .     p - +2 pair of gloves {Dex+3}
rMut   .         Stasis   .     B - +2 pair of boots {run}
MR     +++++                    T - amulet of the Four Winds {Clar rN+ MR+++}
Stlth  ++........               w - ring of flight (curse)
                                s - ring "Chumen" {Wiz rC- Int+4}

@: immune to fire clouds, lich-form, very slightly contaminated, quick, almost
entirely resistant to hostile enchantments, unstealthy
A: antennae 3, talons 1, thin metallic scales 3, blurry vision 1, breathe flames
1, low mp 1, regeneration 2, spiny 3, weak 1, wild magic 1, augmentation 3,
magic shield, magic regeneration, magic link, MP-powered wands 1
a: End Transformation, Renounce Religion, Breathe Fire, Evoke Flight
}: 5/15 runes: decaying, serpentine, slimy, silver, icy


You were on level 7 of the Iron City of Dis.
You worshipped Vehumet.
Vehumet was exalted by your worship.
You were not hungry.
You were a lich.
You visited 15 branches of the dungeon, and saw 80 of its levels.
You completed 1 ziggurat, and saw 27 of its levels.
You also visited: Labyrinth and Ice Cave.

You collected 12337 gold pieces.
You spent 3509 gold pieces at shops.

Inventory:

Armour
 e - the -1 shield of Culiu (worn) {rC++ SInv}
   (You bought it in a shop on level 1 of the Snake Pit)

   It greatly protects you from cold.
   It enhances your eyesight.
 p - a +2 pair of gloves of dexterity (worn)
 v - the -2 ring mail of Baldness (worn) {rPois rF++ rC+}
   (You found it on level 10 of a ziggurat)

   It greatly protects you from fire.
   It protects you from cold.
   It protects you from poison.
 B - a +2 pair of boots of running (worn)
 U - a +2 cloak of magic resistance (worn)
Magical staves
 d - an uncursed staff of power (weapon)
Rods
 i - a +6 lightning rod (14/14)
   (You found it on level 7 of the North Pole)
Jewellery
 s - the ring "Chumen" (left hand) {Wiz rC- Int+4}
   (You took it off an orc on level 5 of the Vaults)

   [ring of wizardry]

   It improves your spell success rate.
   It affects your intelligence (+4).
   It makes you vulnerable to cold.
 w - a cursed ring of flight (right hand)
 x - the cursed ring of Itael {rC++ rN+}
   (You found it on level 3 of the Crypt)

   [ring of positive energy]

   It greatly protects you from cold.
   It protects you from negative energy.
   It has a curse placed upon it.
 T - the amulet of the Four Winds (around neck) {Clar rN+ MR+++}
   (You found it on level 26 of a ziggurat)

   [amulet of clarity]

   It provides mental clarity.
   It protects you from negative energy.
   It affects your resistance to hostile enchantments.
Magical devices
 f - a wand of heal wounds (6)
 j - a wand of hasting (2)
 y - a wand of heal wounds (4)
 X - a wand of teleportation (7)
Scrolls
 g - 19 scrolls of fog
 h - 5 scrolls of immolation
 A - a scroll of vulnerability
 F - 49 scrolls of teleportation
 H - 28 scrolls of remove curse
 L - 3 scrolls of fear
 M - 22 scrolls of identify
 S - 15 scrolls of blinking
Potions
 k - 10 potions of ambrosia
 l - 2 potions of invisibility
 n - 2 potions of cancellation
 t - 9 potions of haste
 u - 19 potions of curing
 z - 3 potions of resistance
 C - 11 potions of heal wounds
 G - 5 potions of restore abilities
 J - 2 potions of agility
 O - 6 potions of lignification
Books
 b - a book of Dreams

   Spells                             Type                      Level
   a - Ensorcelled Hibernation        Hexes/Ice                    2
   b - Flight                         Charms/Air                   3
   c - Phase Shift                    Translocation                5
   d - Shadow Creatures               Summoning                    5
   e - Mass Confusion                 Hexes                        6
   f - Darkness                       Hexes                        7
Miscellaneous
 c - 11 fans of gales
 o - 7 phials of floods
 R - the horn of Geryon
 V - 5 stones of tremors
 Z - 6 lamps of fire
Comestibles
 a - 28 meat rations
 m - 3 poisonous chunks of flesh
 Q - 20 bread rations


   Skills:
 - Level 13.5 Fighting
 - Level 13.0 Armour
 - Level 10.6 Dodging
 - Level 1.7 Stealth
 - Level 11.1 Shields
 - Level 15.0 Unarmed Combat
 O Level 27 Spellcasting
 O Level 27 Conjurations
 - Level 15.1 Charms
 - Level 2.1 Summonings
 O Level 27 Necromancy
 - Level 12.0 Transmutations
 + Level 25.0 Fire Magic
 - Level 11.5 Earth Magic


You couldn't memorise any spells.
You knew the following spells:

 Your Spells              Type           Power        Failure   Level  Hunger
a - Spellforged Servitor  Conj/Summ      ########..   1%          7    N/A
b - Force Lance           Conj/Tloc      ########     1%          4    N/A
c - Iron Shot             Conj/Erth      ########..   1%          6    N/A
d - Orb of Destruction    Conj           ########..   1%          7    N/A
e - Fireball              Conj/Fire      #########.   1%          5    N/A
f - Fire Storm            Conj/Fire      #########.   2%          9    N/A
g - Ring of Flames        Chrm/Fire      #########.   1%          7    N/A
h - Cure Poison           Pois           ######....   2%          2    N/A
i - Deflect Missiles      Chrm/Air       #######...   11%         6    N/A
j - Cigotuvi's Embrace    Necr           #########.   1%          5    N/A
k - Blink                 Tloc           N/A          2%          2    N/A
l - Apportation           Tloc           ######....   2%          1    N/A
m - Necromutation         Trmt/Necr      ########..   5%          8    N/A
n - Statue Form           Trmt/Erth      ########.    2%          6    N/A
o - Stoneskin             Trmt/Erth      ########     1%          2    N/A
p - Passwall              Trmt/Erth      ########..   1%          3    N/A

Dungeon Overview and Level Annotations

Branches:
Dungeon (15/15)            Temple (1/1) D:7            Lair (8/8) D:10
  Swamp (5/5) Lair:4        Snake (5/5) Lair:3        Slime (6/6) Lair:8
    Orc (4/4) D:10            Elf (3/3) Orc:3        Vaults (5/5) D:14
  Crypt (3/3) Vaults:2       Tomb (0/3) Crypt:3      Depths (5/5) D:15
   Hell (1/1)                 Dis (7/7) Hell            Geh (0/7) Hell
    Nor (7/7) Hell            Tar (0/7) Hell            Zot (5/5) Depths:5

Altars:
Ashenzari
Cheibriados
Dithmenos
Elyvilon
Fedhas
Gozag
Kikubaaqudgha
Makhleb
Nemelex Xobeh
Okawaru
Qazlal
Ru
Sif Muna
Trog
Vehumet
Xom
Yredelemnul
Zin
The Shining One
Beogh

Shops:
D:7 =   D:8 %   D:9 ([[   D:11 (   D:12 *   Orc:2 =   Orc:4 ([?*   Elf:2 =
Snake:1 *   Depths:1 [

Portals:
Hell: Depths:1 Depths:2 Depths:3 Depths:4 Depths:5
Abyss: Depths:2 Depths:3 Depths:4
Pandemonium: Depths:2 Depths:3 Depths:5

Annotations:
D:5 runed door
Elf:2 runed door
Elf:3 exclusion: door
Crypt:2 exclusion: upstairs
Depths:1 exclusions: door and downstairs


Innate Abilities, Weirdness & Mutations

You have a pair of large antennae on your head (SInv).
You are completely covered in thin metallic scales (AC +4, rElec).
You are completely covered in sharp spines.
Your magical and physical power is greatly enhanced at high health.
When hurt, damage is shared between your health and your magic reserves.
You regenerate magic rapidly.
When low on magic, you restore magic in place of health.
You are immune to clouds of flame.
You have sharp toenails.
Scrolls take you a little longer to read.
You can breathe flames.
Your magical capacity is low (-10% MP).
You heal very quickly.
You are weak. (Str -2)
Your spells are a little harder to cast, but a little more powerful.
You expend magic power (6 MP) to slightly strengthen your wands.


Message History

Press: ? - help, Dir - move target cursor, f/p - Hell Sentinel
Aim: a Hell Sentinel You feel a surge of power!
A raging storm of fire appears!
The great blast of fire engulfs the Hell Sentinel.
The Hell Sentinel partially resists.
The Hell Sentinel is moderately wounded.
The Hell Sentinel hits your fire vortex!!!
Your fire vortex dissipates!
You hear a distant "Zot"!
The Hell Sentinel gestures at you.
The hellfire explodes!
The blast of hellfire engulfs you!
* * * LOW HITPOINT WARNING * * *
The Hell Sentinel gestures at you.
The hellfire explodes!
The blast of hellfire engulfs your fire vortex.
Your fire vortex dissipates!
Read which item? (? for menu, Esc to quit)
The Hell Sentinel gestures at you.
The hellfire explodes!
The blast of hellfire engulfs you!
You die...

##...## #....# #.....# ......
##.).## #....# ##...## ##....##
#.§...# #......# ##...## #....#
####')'##################''''####
....§..........§§§...v.....v.....
.§.§...........§L§§§..§..........
..§...#.#..#.#.§§§§§.§.1†.§§§....
.§§...########..........).§§§§...
§§§.### ###.....#.#.#§§§#.#.
..### ###...###8#''§#.## §##
##..# ###..§### ## ##.# #.v)# #
### #v§)# #§§§#


You could see a Hell Sentinel and a friendly fire vortex.

Vanquished Creatures
  Antaeus (Nor:7)
  the royal jelly (Slime:6)
  the Serpent of Hell (Nor:7)
  Khufu (Crypt:2)
  12 orbs of fire
  6 ancient liches (Zot:5)
  2 greater mummies (Crypt:2)
  Sojobo (Vaults:3)
  9 shard shrikes
  the Lernaean hydra (Swamp:5)
  Margery (Vaults:4)
  Norris (Depths:2)
  Saint Roka (Vaults:5)
  15 Killer Klowns
  14 pandemonium lords
  Mara (Depths:1)
  Mennas (Vaults:4)
  Geryon (Hell)
  17 golden dragons
  A bone dragon (Nor:4)
  4 profane servitors (Zig:16)
  A hellephant (Zig:24)
  Nikola (Depths:1)
  12 pearl dragons (Zig:25)
  4 electric golems
  A caustic shrike (shapeshifter) (Zig:19)
  2 Brimstone Fiends (Zig:23)
  A caustic shrike (Depths:4)
  12 Ice Fiends
  20 tentacled monstrosities
  3 titans
  5 Hell Sentinels
  24 Orb Guardians (Zot:5)
  4 liches
  3 quicksilver dragons
  Asterion (Depths:3)
  8 deep elf master archers
  2 deep elf blademasters
  4 Shadow Fiends (Zig:16)
  33 acid blobs
  2 octopode crushers
  4 tentacled starspawn (Zig:12)
  5 sphinxes
  3 eldritch tentacles
  4 Executioners
  10 shadow dragons
  Kirke (Swamp:2)
  15 storm dragons
  3 thorn hunters
  11 ancient champions
  Frances (Swamp:2)
  An azure jelly (shapeshifter) (Zig:18)
  4 revenants
  5 tengu reavers
  12 draconian monks
  26 azure jellies
  4 greater nagas
  11 daevas
  3 ghost moths
  Donald (Orc:4)
  Maud (Lair:5)
  2 frost giants (shapeshifter)
  9 iron dragons
  15 vault wardens
  12 deep elf sorcerers
  7 frost giants
  16 fire giants
  11 draconian zealots
  Aizul (Snake:1)
  7 emperor scorpions
  7 draconian scorchers
  A curse skull (Zig:9)
  6 draconian knights
  15 orc warlords
  Gastronok (D:9)
  11 ghouls
  11 angels
  13 draconian annihilators
  6 spellforged servitors
  A cacodemon (Zig:14)
  5 balrugs
  6 draconian shifters
  24 war gargoyles
  3 stone giants (shapeshifter)
  15 very ugly things
  2 spriggan defenders
  24 reapers
  34 stone giants
  10 draconian callers
  10 ophanim (Zig:25)
  2 elemental wellsprings (Nor:7)
  A lorocyproca (Zig:14)
  2 vampire knights
  4 black draconians
  12 green draconians
  9 apis (Zig:25)
  8 grey draconians
  9 purple draconians
  10 deep elf annihilators
  8 deep elf demonologists
  3 black suns
  6 red draconians
  6 mottled draconians
  4 chaos champions
  14 yellow draconians
  2 corrupters
  15 dire elephants
  10 pale draconians
  4 white draconians
  2 spectral caustic shrikes (Zig:16)
  A caustic shrike zombie (Zig:20)
  6 eidola
  20 blizzard demons
  Snorg (Orc:1)
  5 small abominations
  22 fire dragons
  12 jiangshi
  10 deep elf death magi
  2 mummy priests (Crypt:3)
  24 yaktaur captains
  A quicksilver dragon zombie (Hell)
  9 death oozes
  A merfolk impaler (Zig:4)
  15 ettins
  A caustic shrike skeleton (Zig:23)
  The ghost of runewalsh the Unseen, a powerful OpIE of Vehumet (D:14)
  A great orb of eyes (shapeshifter) (Zig:13)
  2 kraken zombies
  6 deep elf high priests
  6 green deaths
  14 ironheart preservers
  22 vault guards (Vaults:5)
  6 minotaurs
  A quicksilver dragon skeleton (Nor:4)
  24 great orbs of eyes
  35 hydras
  12 hell beasts
  Fannar (Orc:3)
  Harold (Lair:3)
  5 rakshasas
  40 ice dragons
  7 naga warriors
  4 ghost crabs
  An anaconda (shapeshifter) (Vaults:5)
  9 death cobs
  4 centaur warriors
  A hydra (shapeshifter) (Zig:19)
  An alligator snapping turtle (shapeshifter) (Zig:19)
  14 ogre magi
  7 spriggan air magi
  An alligator (shapeshifter) (Zig:18)
  11 deep troll shamans
  A merfolk avatar (Zig:4)
  13 anacondas
  7 dancing weapons
  2 merfolk aquamancers (Zig:8)
  7 alligators
  17 death yaks
  13 deep troll earth magi
  A death knight (Zig:16)
  6 spriggan berserkers
  3 hell hogs (Zig:23)
  A spectral storm dragon (Zig:16)
  10 titan zombies
  A thrashing horror (Zig:12)
  A spectral spriggan (Zig:26)
  5 vampire magi
  24 orc high priests
  4 storm dragon zombies
  14 shock serpents
  A spectral elf (Zig:26)
  6 catoblepae (Zig:24)
  2 fire crabs
  14 hell knights
  Erolcha (D:10)
  10 naga sharpshooters
  A shadow demon (Dis:7)
  19 soul eaters
  A wretched star (Zig:12)
  A fire crab (shapeshifter) (Zig:19)
  12 iron trolls
  5 sun demons
  2 sea snakes (Snake:3)
  2 iron trolls (shapeshifter)
  8 titan skeletons
  A gelid demonspawn (Depths:5)
  6 salamander mystics
  4 unseen horrors
  20 deep elf knights
  2 sea snakes (shapeshifter)
  5 shadow wraiths
  75 skeletal warriors
  9 golden dragon zombies
  2 unseen horrors (shapeshifter)
  A death drake (Zot:2)
  50 ice devils
  4 spriggan druids
  3 lindwurms (Snake:5)
  A storm dragon skeleton (Depths:4)
  10 anaconda zombies
  9 cherubim (Zig:25)
  7 giant orange brains
  18 swamp dragons
  31 deep trolls
  10 deep elf summoners
  10 naga ritualists
  A deep troll (shapeshifter) (Depths:5)
  11 flayed ghosts
  A ghost moth zombie (Dis:3)
  13 ice statues
  7 shambling mangroves
  2 golden dragon skeletons
  2 death drakes (shapeshifter)
  4 tengu zombies
  2 swamp dragons (shapeshifter)
  An obsidian statue (Zot:1)
  A kraken simulacrum (Hell)
  A spectral hydra (Swamp:3)
  Pikel (D:9)
  A hill giant (shapeshifter) (Vaults:3)
  15 deep elf conjurers
  2 wizards (Depths:2)
  6 mana vipers
  12 necromancers
  A shadow dragon zombie (Zig:20)
  2 frost giant zombies
  A spectral wolf spider (Zig:26)
  3 anaconda skeletons
  A wolf spider zombie (Crypt:3)
  23 hill giants
  5 stone giant zombies
  18 ironbrand convokers
  2 iron dragon zombies
  10 harpies
  5 griffons
  4 shadow dragon skeletons
  A tengu skeleton (Depths:4)
  13 shining eyes
  15 oklob plants
  7 large abominations (Zig:12)
  14 orc sorcerers
  A mana viper (shapeshifter) (Zig:18)
  6 wolf spiders
  A fire giant zombie (Nor:7)
  3 human zombies
  10 cyclopes
  2 sphinx zombies
  8 orc knights
  A salamander (shapeshifter) (Zig:13)
  4 manticores
  46 ugly things
  A cyclops (shapeshifter) (Zig:15)
  13 phantasmal warriors
  10 elf zombies
  A griffon (shapeshifter) (Zig:19)
  3 worldbinders
  16 salamanders
  47 black mambas
  3 draconians (shapeshifter)
  A moth of wrath (shapeshifter) (Zig:19)
  7 red wasps
  Maurice (D:11)
  A dire elephant zombie (Hell)
  A spriggan zombie (Zig:23)
  3 sphinx skeletons
  2 smoke demons (Zig:18)
  31 moths of wrath
  24 rust devils
  A spiny frog (shapeshifter) (Vaults:3)
  8 elephants
  3 frost giant skeletons
  14 naga magi
  5 stone giant skeletons
  2 black mambas (shapeshifter)
  2 fire giant skeletons
  2 human skeletons
  The ghost of lorenzova the Arsonist, an experienced DEFE of Qazlal (D:7)
  4 guardian serpents (Snake:5)
  8 sixfirhies
  A guardian serpent (shapeshifter) (Vaults:1)
  A gargoyle (D:10)
  7 apocalypse crabs
  8 vault sentinels
  12 hellions
  4 orange demons
  A queen ant (shapeshifter) (Vaults:5)
  A torpor snail (shapeshifter) (Zig:19)
  4 torpor snails
  7 eyes of devastation
  4 elf skeletons
  2 emperor scorpion zombies
  Psyche (D:12)
  30 spiny frogs
  50 yaktaurs
  2 dire elephant skeletons
  A grey draconian zombie (Crypt:2)
  A shock serpent skeleton (Hell)
  24 fire drakes
  19 tormentors
  8 hellwings
  2 golden dragon simulacra
  5 kobold demonologists
  A white draconian skeleton (Crypt:1)
  A white draconian zombie (Crypt:1)
  A spectral glowing shapeshifter (Zig:16)
  An anaconda simulacrum (Nor:4)
  An ancient zyme (Zig:12)
  A demonic crawler (Elf:3)
  A death yak skeleton (Crypt:2)
  10 efreet
  10 komodo dragons
  10 deep elf priests
  2 fire drakes (shapeshifter)
  6 tengu conjurers
  16 red devils
  7 merfolk (Zig:4)
  4 wind drakes
  3 guardian mummies (Crypt:3)
  A troll (shapeshifter) (Depths:1)
  38 blue devils
  A burning bush (Zot:1)
  A minotaur zombie (Depths:4)
  22 two-headed ogres
  2 polar bears (shapeshifter)
  A harpy zombie (Hell)
  A merfolk (shapeshifter) (Vaults:1)
  2 jumping spiders
  2 jumping spiders (shapeshifter)
  Sonja (Orc:4)
  11 hydra zombies
  2 slime creatures (shapeshifter) (Zig:13)
  5 polar bears
  2 raiju (shapeshifter)
  A catoblepas zombie (Crypt:2)
  2 baby alligators (Swamp:1)
  Prince Ribbit (D:5)
  35 freezing wraiths
  11 fire vortices
  180 slime creatures
  8 trolls
  A sphinx simulacrum (Vaults:1)
  2 ushabtiu (Crypt:3)
  7 giant leeches
  4 moth of wrath zombies (Zig:27)
  25 ravens
  A frost giant simulacrum (Crypt:3)
  An ettin zombie (Dis:7)
  6 alligator zombies
  2 ice dragon zombies
  6 hydra skeletons
  2 centaur simulacra (D:15)
  5 boulder beetles
  A fire dragon zombie (Depths:4)
  A trapdoor spider (D:12)
  A wolf spider simulacrum (D:14)
  A two-headed ogre (shapeshifter) (Vaults:2)
  19 blink frogs
  23 bog bodies
  9 vampires
  A trapdoor spider zombie (D:15)
  22 flying skulls
  24 shadows
  10 basilisks
  2 dire elephant simulacra (IceCv)
  29 water elementals
  3 hogs (Swamp:2)
  3 ice dragon skeletons
  A spriggan (shapeshifter) (Depths:5)
  2 ynoxinuls
  2 alligator skeletons
  3 fire bats (Orc:1)
  18 wraiths
  2 ettin skeletons
  5 spriggans
  4 air elementals
  3 fire dragon skeletons
  7 redbacks
  4 golden eyes
  4 tarantellas
  61 yaks
  18 hippogriffs
  A stone giant simulacrum (Nor:2)
  3 wyverns
  A wyvern (shapeshifter) (Vaults:1)
  A hill giant zombie (Orc:4)
  24 deep elf magi
  2 neqoxecs
  30 vampire mosquitoes
  11 fire elementals
  4 chaos spawn
  34 deep elf fighters
  27 wolves
  A soldier ant (shapeshifter) (Vaults:4)
  25 swamp worms
  4 mottled dragons
  A monstrous demonspawn zombie (Crypt:3)
  12 insubstantial wisps
  9 wargs
  62 orc warriors
  11 spiny frog zombies
  6 porcupines
  19 hell hounds
  54 water moccasins
  30 nagas
  A soldier ant (D:10)
  5 sky beasts
  3 black bears
  A hydra simulacrum (Nor:6)
  A spectral troll (Swamp:3)
  2 spiny frog skeletons
  11 ice beasts
  An alligator simulacrum (Nor:1)
  3 snapping turtle zombies
  5 yellow wasps
  18 boggarts
  40 ogres
  6 phantoms
  2 snapping turtle skeletons
  11 eyes of draining
  20 swamp drakes
  A blink frog skeleton (Crypt:3)
  An ettin simulacrum (Vaults:1)
  16 centaurs
  13 necrophages
  A swamp dragon skeleton (Crypt:3)
  A boring beetle (Lair:5)
  28 crocodiles
  Sigmund (D:5)
  Duvessa (Orc:1)
  A brain worm (D:14)
  4 lost souls
  3 big kobolds
  A boring beetle (shapeshifter) (Zig:19)
  A salamander zombie (Depths:4)
  2 spiny frog simulacra
  A yaktaur skeleton (Crypt:2)
  A gnoll sergeant (D:10)
  2 wyvern zombies
  22 giant frogs
  A vine stalker skeleton (Crypt:3)
  An earth elemental (Lab)
  6 killer bees
  2 water moccasin skeletons
  A troll zombie (Zig:27)
  5 scorpions
  4 oklob saplings (Zot:1)
  34 wights
  A spriggan skeleton (Lab)
  3 electric eels
  A goliath beetle (shapeshifter) (Vaults:4)
  Dowan (Orc:1)
  9 crimson imps
  3 centaur zombies
  12 hounds
  16 iron imps
  19 iguanas
  A quasit (Zot:1)
  48 jellies
  7 centaur skeletons
  A two-headed ogre zombie (Crypt:1)
  2 giant frog skeletons
  Natasha (thrice) (D:5)
  29 orc priests
  59 orc wizards
  9 worker ants
  A lightning spire (Zig:26)
  22 sheep
  8 hell rats
  An ogre zombie (Zig:27)
  An ogre skeleton (Depths:4)
  A hound zombie (D:11)
  5 mummies
  A hound skeleton (D:4)
  10 gnolls
  An ogre simulacrum (Nor:1)
  A hound simulacrum (D:11)
  64 river rats
  9 shadow imps
  34 adders
  2 giant mites (D:4)
  22 white imps
  3 worms
  4 ufetubi
  2 adder skeletons (D:4)
  A giant gecko (D:2)
  5 oozes
  279 orcs
  A ball python (D:3)
  2 bat skeletons
  A bat zombie (D:6)
  12 giant cockroaches
  33 goblins
  24 hobgoblins
  7 jackals
  10 quokkas
  15 bats
  5 giant newts
  4 giant spores
  3 goblin zombies
  A jackal skeleton (D:6)
  28 kobolds
  A kobold skeleton (Crypt:3)
  An orc skeleton (Crypt:3)
  20 orc zombies
  A quokka zombie (D:4)
  14 rats
  A spectral orc (D:6)
  A spectral quokka (Zig:26)
  28 ballistomycetes
  21 briar patches
  2 bushes (Lair:1)
  4 crawling corpses
  21 fungi
  100 plants
  3 starspawn tentacles (Zig:12)
  A starspawn tentacle segment (Zig:12)
  2 tentacles
4811 creatures vanquished.

Vanquished Creatures (collateral kills)
  4 orbs of fire
  2 pandemonium lords (Zig:13)
  3 shard shrikes
  2 Killer Klowns
  A curse toe (Crypt:3)
  2 golden dragons
  Frederick (Vaults:4)
  A bone dragon (Crypt:3)
  A hellephant (Zig:24)
  2 tentacled monstrosities
  An Orb Guardian (Zot:5)
  An Ice Fiend (Nor:7)
  A deep elf blademaster (Elf:3)
  2 deep elf master archers (Elf:3)
  A lich (Depths:3)
  An Executioner (Zig:14)
  2 acid blobs
  3 tengu reavers
  2 ancient champions (Crypt:3)
  2 revenants
  3 shadow dragons
  A blood saint (Zig:14)
  3 storm dragons
  An orc warlord (Zig:27)
  A draconian monk (Zig:22)
  3 fire giants
  3 greater nagas (Snake:5)
  4 vault wardens
  4 iron dragons
  3 frost giants
  8 reapers
  11 ghouls
  The ghost of Thrillho the Spry, a powerful KoBe of Trog (D:13)
  A spriggan defender (Depths:2)
  3 war gargoyles
  A stone giant (shapeshifter) (Zig:18)
  A very ugly thing (Zig:19)
  3 stone giants
  A green draconian (Zot:2)
  A deep elf demonologist (Vaults:4)
  3 dire elephants
  A yellow draconian (Zig:22)
  3 spellforged servitors
  2 red draconians
  A blizzard demon (Hell)
  2 ettins
  A caustic shrike skeleton (Zig:23)
  A green death (Zig:26)
  A great orb of eyes (Depths:1)
  Josephine (D:11)
  5 yaktaur captains
  7 fire dragons
  A kraken zombie (Nor:6)
  6 vault guards
  5 ironheart preservers
  2 ice dragons
  8 anacondas
  A quicksilver dragon skeleton (Crypt:2)
  An alligator (Swamp:2)
  5 naga warriors
  Nessos (D:11)
  8 hydras
  A tengu warrior (D:15)
  A shock serpent (Snake:5)
  A naga sharpshooter (Snake:4)
  5 centaur warriors
  A death yak (Lair:8)
  A soul eater (Crypt:2)
  A storm dragon zombie (Crypt:1)
  An iron troll (Dis:7)
  4 salamander mystics
  2 fire crabs
  4 hell knights (Vaults:4)
  A catoblepas (Lair:8)
  2 ice devils
  A deep troll (Vaults:3)
  13 skeletal warriors
  A flayed ghost (Crypt:2)
  A giant orange brain (Vaults:1)
  A spriggan druid (Swamp:4)
  A wizard (Vaults:1)
  2 naga ritualists
  A spectral hydra (Swamp:3)
  A sea snake (shapeshifter) (Vaults:2)
  A necromancer (Vaults:4)
  3 orc knights
  5 swamp dragons
  A shambling mangrove (Swamp:2)
  A golden dragon skeleton (Nor:1)
  3 hill giants
  2 harpies
  2 cyclopes
  An oklob plant (Lair:8)
  6 ironbrand convokers
  A lindwurm (Snake:5)
  2 mana vipers
  3 phantasmal warriors
  3 wolf spiders
  17 ugly things
  An orc sorcerer (Zig:27)
  A fire giant zombie (Dis:7)
  A human zombie (Vaults:4)
  A shadow dragon skeleton (Nor:4)
  A draconian zombie (Zig:22)
  4 frost giant zombies
  5 manticores
  An iron dragon zombie (Crypt:2)
  4 sixfirhies
  3 guardian serpents
  A stone giant zombie (Dis:4)
  An elephant (Lair:8)
  2 red wasps
  A dire elephant zombie (Dis:7)
  4 salamanders
  A small abomination (Zig:15)
  2 stone giant skeletons
  10 naga magi
  A rust devil (Hell)
  2 vault sentinels
  3 spriggan zombies
  A frost giant skeleton (Vaults:4)
  A moth of wrath (Zig:27)
  4 spiny frogs
  A spectral redback (Crypt:2)
  6 black mambas
  A centaur skeleton (D:14)
  2 komodo dragons (Lair:8)
  2 kobold demonologists (Vaults:1)
  12 yaktaurs
  2 tormentors
  A hydra zombie (Nor:2)
  3 red devils
  8 freezing wraiths
  A golden dragon simulacrum (IceCv)
  A black draconian skeleton (Crypt:2)
  A green draconian skeleton (Crypt:1)
  A yaktaur skeleton (Depths:4)
  A wandering mushroom (Crypt:3)
  A troll (D:12)
  17 fire vortices
  2 giant leeches (Swamp:2)
  6 ravens
  3 blink frogs
  2 silent spectres
  10 slime creatures
  6 blue devils
  A bog body (Swamp:5)
  A wind drake (shapeshifter) (Vaults:1)
  4 two-headed ogres
  A hydra skeleton (Nor:5)
  3 boulder beetles
  An ice dragon zombie (Nor:6)
  2 alligator zombies
  6 wraiths
  3 flying skulls
  A tarantella (Vaults:5)
  4 shadows
  8 yaks
  An ettin skeleton (Nor:7)
  5 deep elf magi
  5 spriggans
  A spriggan (shapeshifter) (Zig:18)
  2 vampires
  A redback (Vaults:2)
  2 water elementals
  2 air elementals
  2 hippogriffs (Lair:8)
  2 hungry ghosts
  A hog (Swamp:2)
  A golden eye (Slime:4)
  7 swamp worms
  2 tarantellas (shapeshifter)
  A fire bat (shapeshifter) (Depths:1)
  19 vampire mosquitoes
  2 deep elf fighters
  13 nagas
  A spectral raven (Swamp:3)
  10 insubstantial wisps
  A warg (Vaults:2)
  A spiny frog zombie (Nor:6)
  7 swamp drakes
  3 water moccasins
  2 hell hounds
  4 ice beasts
  9 orc warriors
  2 hydra simulacra
  4 yellow wasps
  2 eyes of draining
  A sky beast (D:15)
  An eye of draining (shapeshifter) (Vaults:4)
  10 ogres
  A swamp dragon skeleton (Nor:6)
  An ogre (shapeshifter) (Vaults:4)
  2 boggarts
  A snapping turtle skeleton (Crypt:2)
  7 centaurs
  2 crocodiles
  A lost soul (Crypt:1)
  A brain worm (shapeshifter) (D:14)
  A giant frog (Zig:26)
  3 killer bees (D:14)
  A yak skeleton (Crypt:1)
  An electric eel (Lair:7)
  An oklob sapling (Zot:1)
  3 wights
  2 crimson imps
  A hound (Lair:7)
  10 jellies
  A black bear skeleton (Crypt:3)
  3 iron imps
  A worker ant (D:11)
  A hell rat (Elf:3)
  3 sheep (Lair:7)
  An ogre skeleton (Crypt:1)
  A mummy (Crypt:3)
  4 adders
  5 river rats (Lair:8)
  8 white imps
  9 orcs
  A bat zombie (Crypt:1)
  A goblin (Zig:27)
  A ballistomycete (D:15)
  A briar patch (Swamp:5)
  2 bushes (D:15)
  2 crawling corpses (Zig:15)
  3 tentacles (Nor:6)
651 creatures vanquished.

Vanquished Creatures (others)
  An eldritch tentacle (Nor:3)
  A tengu reaver (Vaults:1)
  A vault warden (Vaults:3)
  An elemental wellspring (Nor:4)
  A very ugly thing (Zig:19)
  23 spellforged servitors
  A caustic shrike zombie (Zig:23)
  A yaktaur captain (Vaults:5)
  A golden dragon zombie (Zig:20)
  A manticore (D:14)
  A fire drake (Zot:1)
  A baby alligator (Swamp:1)
  1754 fire vortices
  2 air elementals
  A water elemental (Lair:8)
  A naga (Snake:2)
  2 water moccasins (Zig:26)
  A slave (D:9)
  A crocodile (Zig:26)
  4 lost souls
  A scorpion (D:9)
  An iguana (D:11)
  A worker ant (Zig:19)
  2 orcs
  A bat (D:5)
  4 giant spores
  A briar patch (Zig:26)
  148 eldritch tentacle segments
  15 fungi
  10 plants
  3 starspawn tentacles (Zig:12)
  24 starspawn tentacle segments (Zig:12)
  7 tentacles
  9 tentacle segments (Nor:6)
2027 creatures vanquished.

Grand Total: 7489 creatures vanquished

Notes
Turn   | Place    | Note
--------------------------------------------------------------
     0 | D:1      | Chiseanne, the Demonspawn Fire Elementalist, began the quest for the Orb.
     0 | D:1      | Reached XP level 1. HP: 13/13 MP: 3/3
   475 | D:1      | Gained mutation: You have a pair of small antennae on your head. [demonic ancestry]
   475 | D:1      | Reached XP level 2. HP: 13/19 MP: 1/5
  1566 | D:1      | Reached XP level 3. HP: 18/24 MP: 3/6
  1642 | D:1      | Learned a level 2 spell: Throw Flame
  1646 | D:1      | Learned a level 3 spell: Conjure Flame
  1756 | D:2      | Reached skill level 3 in Spellcasting
  1806 | D:2      | Found a snail-covered altar of Cheibriados.
  2269 | D:2      | Gained mutation: You have a pair of antennae on your head. [demonic ancestry]
  2269 | D:2      | Reached XP level 4. HP: 30/30 MP: 1/9
  3207 | D:3      | Found a sparkling altar of Nemelex Xobeh.
  3245 | D:4      | Noticed an ogre
  3363 | D:4      | Learned a level 3 spell: Inner Flame
  3381 | D:4      | Gained mutation: When hurt, damage is shared between your health and your magic reserves. [demonic ancestry]
  3381 | D:4      | Reached XP level 5. HP: 31/35 MP: 4/12
  3490 | D:4      | Noticed a phantom
  3537 | D:4      | Killed a phantom
  3537 | D:4      | Reached skill level 4 in Spellcasting
  3730 | D:4      | Gained mutation: You are partially covered in sharp spines. [demonic ancestry]
  3730 | D:4      | Reached XP level 6. HP: 15/41 MP: 3/15
  3845 | D:4      | Noticed a necrophage
  3866 | D:4      | Killed a necrophage
  3942 | D:4      | Reached skill level 5 in Spellcasting
  4118 | D:4      | Noticed an ogre
  4126 | D:4      | Killed an ogre
  4335 | D:4      | Killed an ogre
  4335 | D:4      | Reached skill level 5 in Conjurations
  4335 | D:4      | Gained mutation: You are partially covered in thin metallic scales (AC +2). [demonic ancestry]
  4335 | D:4      | Reached XP level 7. HP: 25/46 MP: 2/19
  4564 | D:3      | Found a shattered altar of Ashenzari.
  4810 | D:3      | Learned a level 5 spell: Fireball
  5644 | D:5      | Entered Level 5 of the Dungeon
  5747 | D:4      | Reached skill level 6 in Spellcasting
  5826 | D:5      | Noticed Natasha
  5908 | D:5      | Killed Natasha
  5912 | D:5      | Found a runed door.
  5913 | D:5      | Found a glowing silver altar of Zin.
  5913 | D:5      | Noticed an angel
  5916 | D:5      | You fall through a shaft for 3 floors!
  6859 | D:6      | Gained mutation: You are mostly covered in thin metallic scales (AC +3). [demonic ancestry]
  6859 | D:6      | Reached XP level 8. HP: 48/52 MP: 9/22
  6937 | D:5      | Reached skill level 7 in Spellcasting
  6948 | D:5      | Noticed Natasha
  6985 | D:5      | Killed Natasha
  7123 | D:5      | Noticed Prince Ribbit
  7567 | D:5      | Noticed Sigmund
  7582 | D:5      | Noticed Natasha
  7586 | D:5      | Killed Natasha
  7727 | D:5      | Found a glowing golden altar of the Shining One.
  7877 | D:5      | Killed Sigmund
  8169 | D:7      | Found a staircase to the Ecumenical Temple.
  8193 | D:7      | Reached skill level 5 in Fire Magic
  8220 | D:7      | Noticed lorenzova's ghost (experienced DEFE)
  8225 | Temple   | Entered the Ecumenical Temple
  8293 | Temple   | Became a worshipper of Vehumet
  8315 | D:7      | Killed lorenzova's ghost
  8315 | D:7      | Reached skill level 8 in Spellcasting
  8451 | D:7      | Found Ashom's Jewellery Shoppe.
  8469 | D:7      | Reached XP level 9. HP: 51/57 MP: 17/25
  8539 | D:7      | Bought a cursed +1 ring of strength for 22 gold pieces
  8539 | D:7      | Bought a +1 ring of protection for 33 gold pieces
  8933 | D:7      | Found a deep blue altar of Sif Muna.
  9142 | D:7      | Found a stormy altar of Qazlal.
  9250 | D:6      | Found a basalt altar of Yredelemnul.
  9431 | D:6      | Reached skill level 9 in Spellcasting
  9825 | D:6      | Learned a level 1 spell: Apportation
 10392 | D:8      | Noticed a spriggan baker
 10403 | D:8      | Killed a spriggan baker
 10565 | D:8      | Acquired Vehumet's first power
 10565 | D:8      | Offered knowledge of Shock by Vehumet.
 10843 | D:9      | Noticed a hill giant
 10983 | D:8      | Noticed a hill giant
 11003 | D:8      | Killed a hill giant
 11003 | D:8      | Reached skill level 10 in Spellcasting
 11217 | D:8      | Gained mutation: Your magical and physical power is slightly enhanced at high health. [demonic ancestry]
 11217 | D:8      | Reached XP level 10. HP: 56/63 MP: 4/29
 11458 | D:8      | Found Choiss' Food Shop.
 11466 | D:8      | Found an opulent altar of Gozag.
 11468 | D:8      | Bought a beef jerky for 16 gold pieces
 11468 | D:8      | Bought a slice of pizza for 16 gold pieces
 11725 | D:8      | Gained mutation: You have sharp toenails. [potion of beneficial mutation]
 11887 | D:8      | Killed a hill giant
 12139 | D:9      | Found Pauda's Armour Boutique.
 12321 | D:9      | Bought a +0 pair of gloves for 63 gold pieces
 12366 | D:9      | Learned a level 2 spell: Blink
 12391 | D:9      | Offered knowledge of Freeze by Vehumet.
 12602 | D:9      | Found Amaab's Armour Boutique.
 12605 | D:9      | Noticed Gastronok
 12742 | D:9      | Reached skill level 11 in Spellcasting
 13146 | D:9      | Got a dazzling spear
 13199 | D:10     | Entered Level 10 of the Dungeon
 13437 | D:10     | Found a staircase to the Orcish Mines.
 13438 | D:10     | Found a staircase to the Lair.
 13458 | D:10     | Offered knowledge of Stone Arrow by Vehumet.
 13463 | D:10     | Learned a level 3 spell: Stone Arrow
 13468 | Lair:1   | Entered Level 1 of the Lair of Beasts
 13815 | D:10     | Acquired Vehumet's second power
 14160 | D:10     | Offered knowledge of Force Lance by Vehumet.
 14176 | D:10     | Reached XP level 11. HP: 59/68 MP: 6/31
 14340 | D:10     | Noticed a hill giant
 14354 | D:10     | Killed a hill giant
 14354 | D:10     | Reached skill level 12 in Spellcasting
 14725 | D:10     | Found a burning altar of Makhleb.
 14729 | D:10     | Noticed Erolcha
 14736 | D:10     | Killed Erolcha
 14956 | D:10     | Identified the +8 spear of Gutaid {freeze, +Blink rPois Int+4} (You took it off an orc on level 9 of the Dungeon)
 14962 | D:10     | Learned a level 4 spell: Force Lance
 15181 | D:10     | Noticed a hill giant
 15195 | D:10     | Killed a hill giant
 15422 | D:11     | Acquired Vehumet's third power
 15480 | D:11     | Found Qataqal's Antique Weapon Boutique.
 15622 | D:11     | Noticed Nessos
 15834 | Orc:1    | Entered Level 1 of the Orcish Mines
 15872 | Orc:1    | Noticed Snorg
 15877 | Orc:1    | Killed Snorg
 15877 | Orc:1    | Offered knowledge of Bolt of Magma by Vehumet.
 15877 | Orc:1    | Reached skill level 10 in Conjurations
 15884 | Orc:1    | Learned a level 5 spell: Bolt of Magma
 16101 | Orc:1    | Found a dark tunnel.
 16266 | Orc:1    | Noticed Dowan
 16268 | Orc:1    | Noticed Duvessa
 16268 | Orc:1    | Killed Dowan
 16271 | Orc:1    | Killed Duvessa
 16717 | Orc:1    | Reached skill level 13 in Spellcasting
 16993 | D:9      | Noticed Pikel
 16996 | D:9      | Killed Pikel
 17662 | D:9      | Found Ytav's Antique Weapon Emporium.
 17741 | D:9      | Killed Gastronok
 18578 | D:9      | Bought the +2 pair of gloves "Tash" {rElec SInv} for 523 gold pieces
 18651 | Orc:2    | Reached XP level 12. HP: 74/74 MP: 29/33
 18920 | Orc:2    | Found Utsaliuq's Jewellery Shoppe.
 18943 | Orc:2    | Bought a +1 ring of dexterity for 22 gold pieces
 19009 | Orc:3    | Found a staircase to the Elven Halls.
 19009 | Orc:3    | Noticed Fannar
 19013 | Orc:3    | Killed Fannar
 19241 | Orc:3    | Offered knowledge of Orb of Destruction by Vehumet.
 19250 | Orc:3    | Learned a level 7 spell: Orb of Destruction
 20534 | Orc:4    | Entered Level 4 of the Orcish Mines
 20594 | Orc:2    | Bought the amulet "Vog Arone" {Gourm rN+} for 412 gold pieces
 21070 | Orc:4    | Reached skill level 14 in Spellcasting
 21406 | Orc:4    | Found a roughly hewn altar of Beogh.
 21790 | Orc:4    | Noticed Donald
 21795 | Orc:4    | Killed Donald
 21924 | Orc:4    | Offered knowledge of Fulminant Prism by Vehumet.
 22079 | Orc:4    | Paralysed by an orc sorcerer for 4 turns
 22109 | Orc:4    | Paralysed by an orc sorcerer for 5 turns
 22392 | Orc:4    | Noticed Sonja
 22563 | Orc:4    | Killed Sonja
 22829 | Orc:4    | Found a roughly hewn altar of Beogh.
 22950 | Orc:4    | Found a roughly hewn altar of Beogh.
 23014 | Orc:4    | Reached XP level 13. HP: 79/79 MP: 27/35
 23302 | Orc:4    | Noticed an orc warlord
 23307 | Orc:4    | Killed an orc warlord
 23556 | Orc:4    | Reached skill level 15 in Spellcasting
 23582 | Orc:4    | Found a roughly hewn altar of Beogh.
 23582 | Orc:4    | Found Yddiora's Antique Weapon Emporium.
 23673 | Orc:4    | Found Gratt's Antique Armour Shoppe.
 23691 | Orc:4    | Bought a runed cloak for 99 gold pieces
 23691 | Orc:4    | Bought a pair of glowing boots for 99 gold pieces
 23747 | Orc:4    | Bought a smoking ring mail for 198 gold pieces
 23760 | Orc:4    | Identified the -8 ring mail of a Hundred Cities {Int+2 Dex+1} (You bought it in a shop on level 4 of the Orcish Mines)
 23779 | Orc:4    | Bought a twisted short sword for 224 gold pieces
 23781 | Orc:4    | Identified the +11 short sword of the Thirteen Nights {pierce, +Inv Int+3} (You bought it in a shop on level 4 of the Orcish Mines)
 23986 | Orc:4    | Found a roughly hewn altar of Beogh.
 23992 | Orc:4    | Found Thrau's Magic Scroll Shop.
 24006 | Orc:4    | Bought a scroll of amnesia for 59 gold pieces
 24006 | Orc:4    | Bought a scroll of identify for 34 gold pieces
 24006 | Orc:4    | Bought 2 scrolls of identify for 68 gold pieces
 24006 | Orc:4    | Bought a scroll of fog for 34 gold pieces
 24006 | Orc:4    | Bought a scroll of fear for 59 gold pieces
 24094 | Orc:4    | Found a roughly hewn altar of Beogh.
 24292 | Orc:4    | Found Zisaadax's Assorted Antiques.
 24307 | Orc:4    | Bought a scroll labeled WUURAV ARYTT for 26 gold pieces
 24351 | Orc:4    | Noticed a stone giant
 24748 | Orc:4    | Got an ichor-stained scythe
 24754 | Orc:4    | Identified the +11 scythe "Isowam" {drain, Noisy rC+ Int-4 SInv} (You took it off an orc on level 4 of the Orcish Mines)
 25354 | Orc:4    | Killed a stone giant
 25442 | Orc:4    | Got a brightly glowing glaive
 25448 | Orc:4    | Got a transparent short sword
 25452 | Orc:4    | Identified the cursed +1 short sword of Fragile Peace {pierce, Noisy Str-3 Dex+3} (You found it on level 4 of the Orcish Mines)
 25708 | Orc:4    | Offered knowledge of Iskenderun's Battlesphere by Vehumet.
 25715 | Orc:4    | Learned a level 5 spell: Iskenderun's Battlesphere
 26016 | Orc:4    | Bought 2 murky white potions for 46 gold pieces
 26016 | Orc:4    | Bought a potion of curing for 78 gold pieces
 26016 | Orc:4    | Bought 3 scrolls labeled VACRAJ KUSH for 78 gold pieces
 28626 | Lair:2   | Reached skill level 16 in Spellcasting
 28806 | Lair:2   | Gained mutation: You regenerate magic rapidly. [demonic ancestry]
 28806 | Lair:2   | Reached XP level 14. HP: 85/85 MP: 4/37
 29626 | Lair:3   | Noticed Harold
 29630 | Lair:3   | Killed Harold
 29850 | Lair:3   | Found a staircase to the Snake Pit.
 30151 | Lair:3   | Offered knowledge of Bolt of Cold by Vehumet.
 30381 | Lair:3   | Found a snail-covered altar of Cheibriados.
 30835 | Lair:3   | Reached skill level 15 in Conjurations
 30947 | Lair:4   | Found a staircase to the Swamp.
 33270 | Lair:5   | Reached skill level 17 in Spellcasting
 33461 | Lair:5   | Identified a scroll of acquirement
 33794 | Lair:5   | Offered knowledge of Iron Shot by Vehumet.
 35004 | Lair:5   | Noticed Maud
 35007 | Lair:5   | Killed Maud
 35098 | Lair:5   | You fall through a shaft for 3 floors!
 35098 | Lair:8   | Entered Level 8 of the Lair of Beasts
 35120 | Lair:8   | Found a labyrinth entrance.
 35148 | Lab      | Entered a labyrinth
 35779 | Lair:8   | Gained mutation: You have a pair of large antennae on your head (SInv). [demonic ancestry]
 35779 | Lair:8   | Reached XP level 15. HP: 90/90 MP: 29/38
 36303 | Lair:6   | Offered knowledge of Spellforged Servitor by Vehumet.
 36312 | Lair:6   | Learned a level 7 spell: Spellforged Servitor
 36360 | Lair:6   | Reached skill level 1 in Summonings
 38052 | Orc:4    | Bought 2 scrolls of amnesia for 182 gold pieces
 38090 | Orc:4    | Bought a scroll of teleportation for 51 gold pieces
 38090 | Orc:4    | Bought a scroll of teleportation for 51 gold pieces
 38090 | Orc:4    | Bought a scroll of immolation for 59 gold pieces
 40123 | Lair:8   | Found a staircase to the Slime Pits.
 40698 | D:11     | Noticed an unseen horror
 40702 | D:11     | Killed an unseen horror
 40716 | D:11     | Killed Nessos
 40984 | D:11     | Noticed Josephine
 40990 | D:11     | Killed Josephine
 40995 | D:11     | Noticed Maurice
 40998 | D:11     | Killed Maurice
 41235 | D:12     | Found Topiok's General Store.
 41243 | D:12     | Bought a scroll of teleportation for 33 gold pieces
 41256 | D:12     | Noticed Psyche
 41260 | D:12     | Killed Psyche
 41414 | D:12     | Offered knowledge of Conjure Ball Lightning by Vehumet.
 41626 | D:12     | Reached skill level 18 in Spellcasting
 42498 | D:13     | Noticed Thrillho's ghost (powerful KoBe)
 42506 | D:13     | Killed Thrillho's ghost
 43348 | D:14     | Found a gate to the Vaults.
 43359 | D:14     | Noticed runewalsh's ghost (powerful OpIE)
 43361 | D:14     | Killed runewalsh's ghost
 44400 | D:14     | Offered knowledge of Fire Storm by Vehumet.
 44400 | D:14     | Offered knowledge of Shatter by Vehumet.
 44400 | D:14     | Offered knowledge of Chain Lightning by Vehumet.
 44450 | D:14     | Found a blossoming altar of Fedhas.
 44698 | D:14     | Identified the Tome of Confrontation and the Arsonist
 44710 | D:14     | Learned a level 9 spell: Fire Storm
 44798 | D:15     | Entered Level 15 of the Dungeon
 44861 | D:15     | Found an opulent altar of Gozag.
 44882 | D:15     | Gained mutation: You are mostly covered in sharp spines. [demonic ancestry]
 44882 | D:15     | Reached XP level 16. HP: 94/96 MP: 8/39
 45342 | D:15     | Learned a level 2 spell: Repel Missiles
 45545 | D:15     | Found a staircase to the Depths.
 46247 | D:15     | Identified Sif Muna's Papyrus of Translocation and the Mountains
 46331 | D:15     | Got a turquoise-encrusted ring mail
 46344 | D:15     | Identified the cursed -4 ring mail "Troreebb" {Str+1 Dex-1} (You found it on level 15 of the Dungeon)
 46820 | Swamp:1  | Entered Level 1 of the Swamp
 47385 | Swamp:1  | Reached skill level 10 in Fire Magic
 47631 | Swamp:1  | Got a polished large shield
 47661 | Swamp:1  | Identified the cursed -1 large shield "Noar" {rPois Slay+3} (You found it on level 1 of the Swamp)
 48111 | Swamp:2  | Noticed Frances
 48116 | Swamp:2  | Killed Frances
 48535 | Swamp:2  | You fall through a shaft!
 49430 | Swamp:2  | Noticed Kirke
 49438 | Swamp:2  | Killed Kirke
 51858 | Swamp:5  | Entered Level 5 of the Swamp
 51863 | Swamp:5  | Got a clouded platinum amulet
 51864 | Swamp:5  | Identified the amulet "Irie" {rMut Int-5} (You found it on level 5 of the Swamp)
 52707 | Swamp:5  | Gained mutation: You are completely covered in thin metallic scales (AC +4, rElec). [demonic ancestry]
 52707 | Swamp:5  | Reached XP level 17. HP: 101/101 MP: 17/40
 53061 | Swamp:5  | Noticed the 27-headed Lernaean hydra
 53067 | Swamp:5  | Killed the 27-headed Lernaean hydra
 53132 | Swamp:5  | Got a decaying rune of Zot
 53197 | Swamp:5  | Gained mutation: Your spells are a little harder to cast, but a little more powerful. [potion of beneficial mutation]
 53255 | Swamp:5  | Reached skill level 19 in Spellcasting
 53965 | Snake:1  | Entered Level 1 of the Snake Pit
 54160 | Snake:1  | Found Che Smas' Assorted Antiques.
 54163 | Snake:1  | Bought a potion of curing for 90 gold pieces
 54163 | Snake:1  | Bought a distressingly furry shield for 285 gold pieces
 54163 | Snake:1  | Bought a scroll of blinking for 225 gold pieces
 54399 | Snake:1  | Noticed Aizul
 54404 | Snake:1  | Killed Aizul
 55554 | Snake:2  | Identified the cursed -1 shield of Culiu {rC++ SInv} (You bought it in a shop on level 1 of the Snake Pit)
 55975 | Snake:2  | Found a bloodstained altar of Trog.
 57205 | Snake:3  | Reached skill level 20 in Spellcasting
 59315 | Snake:4  | Reached XP level 18. HP: 93/107 MP: 20/42
 59775 | Snake:5  | Entered Level 5 of the Snake Pit
 60101 | Snake:5  | Got a citrine-encrusted leather armour
 60123 | Snake:5  | Identified the +3 leather armour "Sutwaon" {rElec} (You found it on level 5 of the Snake Pit)
 61496 | Snake:5  | Reached skill level 21 in Spellcasting
 62081 | Snake:5  | Got a serpentine rune of Zot
 62630 | Vaults:1 | Entered Level 1 of the Vaults
 62726 | Vaults:1 | Got a steaming flail
 62727 | Vaults:1 | Identified the cursed +6 flail of Yppoarotz {flame, rC++ Int-1} (You found it on level 1 of the Vaults)
 63257 | Vaults:1 | Lost mutation: Your spells are a little harder to cast, but a little more powerful. [mutagenic glow]
 64039 | Lair:1   | Learned a level 6 spell: Iron Shot
 64929 | Vaults:2 | Reached skill level 22 in Spellcasting
 65005 | Vaults:2 | Reached XP level 19. HP: 82/112 MP: 17/43
 67196 | Vaults:2 | Found a staircase to the Crypt.
 68250 | Vaults:3 | Noticed Sojobo
 69273 | Vaults:3 | Killed Sojobo
 70650 | Vaults:4 | Noticed Margery
 70656 | Vaults:4 | Killed Margery
 70656 | Vaults:4 | Reached XP level 20. HP: 70/118 MP: 29/44
 70975 | Vaults:4 | Noticed Mennas
 70998 | Vaults:4 | Killed Mennas
 71255 | Vaults:4 | Reached skill level 23 in Spellcasting
 71278 | Vaults:4 | Noticed Frederick
 71287 | Vaults:4 | Killed Frederick
 73652 | Depths:1 | Entered Level 1 of the Depths
 73652 | Depths:1 | Noticed Mara
 73656 | Depths:1 | Killed Mara
 73796 | Depths:1 | Noticed Nikola
 73800 | Depths:1 | Killed Nikola
 74133 | Crypt:1  | Entered Level 1 of the Crypt
 75406 | Crypt:2  | Noticed Khufu
 75411 | Crypt:2  | Killed Khufu
 75654 | Crypt:2  | Noticed a greater mummy
 75661 | Crypt:2  | Killed a greater mummy
 75996 | Crypt:3  | Entered Level 3 of the Crypt
 76001 | Crypt:3  | Gained mutation: Your magical and physical power is enhanced at high health. [demonic ancestry]
 76001 | Crypt:3  | Reached XP level 21. HP: 122/122 MP: 45/45
 76325 | Crypt:3  | Reached skill level 15 in Fire Magic
 76652 | Crypt:3  | Reached skill level 24 in Spellcasting
 76951 | Crypt:3  | Noticed a curse toe
 76961 | Crypt:3  | Killed a curse toe
 77082 | Crypt:3  | Found an ancient bone altar of Kikubaaqudgha.
 77084 | Crypt:3  | Found a basalt altar of Yredelemnul.
 77102 | Crypt:3  | Identified Essaemubb's Reference Book on Dark Arts
 77150 | Crypt:3  | Got a transparent golden ring
 77150 | Crypt:3  | Got a brightly glowing steel ring
 77150 | Crypt:3  | Got a crude granite ring
 77158 | Crypt:3  | Identified the ring of Itael {rC++ rN+} (You found it on level 3 of the Crypt)
 77160 | Crypt:3  | Identified the ring of Qonkin Tir {rC++ rN+} (You found it on level 3 of the Crypt)
 77162 | Crypt:3  | Identified the ring of Iteufomn {rF+ rN+} (You found it on level 3 of the Crypt)
 77277 | Crypt:3  | Found a staircase to the Tomb.
 77640 | Crypt:2  | Noticed a greater mummy
 77646 | Crypt:2  | Killed a greater mummy
 79412 | Depths:1 | Gained mutation: When low on magic, you restore magic in place of health. [demonic ancestry]
 79412 | Depths:1 | Reached XP level 22. HP: 128/128 MP: 10/46
 79784 | Depths:1 | Found a gateway to a ziggurat.
 79884 | Depths:1 | Found a gateway to Hell.
 79941 | Depths:1 | Found Gab Iducs' Antique Armour Shop.
 80009 | Depths:1 | Bought a pair of embroidered gloves for 108 gold pieces
 80009 | Depths:1 | Bought a blackened ring mail for 216 gold pieces
 80261 | Depths:1 | Got a coiled bronze ring
 80293 | Depths:1 | Identified the ring "Pradghuh" {Fire MR+} (You found it on level 1 of the Depths)
 80732 | Depths:2 | Found a one-way gate leading to the halls of Pandemonium.
 80800 | Depths:2 | Identified the +3 ring mail "Skifoe" {rCorr SInv} (You bought it in a shop on level 1 of the Depths)
 80985 | Depths:2 | Found a one-way gate to the infinite horrors of the Abyss.
 81196 | Depths:2 | Noticed Norris
 81202 | Depths:2 | Killed Norris
 82047 | Depths:2 | Got a pair of distressingly furry gloves
 82058 | Depths:2 | Identified the -3 pair of gloves of Perpetual Drought {Dex+3} (You acquired it on level 2 of the Depths)
 82424 | Depths:3 | Noticed Asterion
 82428 | Depths:3 | Killed Asterion
 83037 | Depths:3 | Reached XP level 23. HP: 133/133 MP: 47/47
 84612 | Elf:1    | Entered Level 1 of the Elven Halls
 84999 | Elf:1    | Gained mutation: Your natural rate of healing is unusually fast. [potion of beneficial mutation]
 85208 | Elf:2    | Found a frozen archway.
 85257 | IceCv    | Entered an ice cave
 85505 | IceCv    | Reached skill level 25 in Spellcasting
 85592 | IceCv    | Got a brightly glowing buckler
 85603 | IceCv    | Identified the +2 buckler of Quutuuph {Dex+2 Slay-1} (You acquired it in an ice cave)
 85967 | Elf:2    | Got a fine scale mail
 85983 | Elf:2    | Identified the cursed -2 scale mail "Atiefr Neat" {rN+} (You found it on level 2 of the Elven Halls)
 86050 | Elf:2    | Found Mniclurph's Jewellery Shoppe.
 86066 | Elf:2    | Found a runed gate.
 86066 | Elf:2    | Found a runed gate.
 86066 | Elf:2    | Found a runed gate.
 86464 | Elf:3    | Entered Level 3 of the Elven Halls
 86562 | Elf:3    | Found Ceavoghal's General Store.
 87305 | Elf:3    | Identified Sif Muna's Compendium of Mutagenic Good Luck
 87637 | Elf:3    | Identified Zaxit's Tome of Hexes (You found it on level 3 of the Elven Halls)
 87648 | Elf:3    | Identified Further Progress in Magic (You found it on level 3 of the Elven Halls)
 87653 | Elf:3    | Identified the Grimoire of the Eight Songs (You found it on level 3 of the Elven Halls)
 87657 | Elf:3    | Learned a level 2 spell: Cure Poison
 87668 | Elf:3    | Got an ancient scale mail
 87669 | Elf:3    | Identified the +0 scale mail "Traung" {+Rage +Inv rPois} (You found it on level 3 of the Elven Halls)
 87675 | Elf:3    | Identified Lehudib's Tome of Hairiness (You found it on level 3 of the Elven Halls)
 87765 | Elf:3    | Got a wavering turquoise ring
 87767 | Elf:3    | Identified the ring "Essoh" {Int+2 Dex+3 SInv} (You found it on level 3 of the Elven Halls)
 87782 | Elf:3    | Got a sparkling lapis lazuli ring
 87783 | Elf:3    | Identified the ring "Maoriupt" {Ice Dex+1} (You found it on level 3 of the Elven Halls)
 87805 | Elf:3    | Got a scorched trident
 87806 | Elf:3    | Identified the +8 trident "Loafiv" {drain, MR+ Dex+3} (You found it on level 3 of the Elven Halls)
 87828 | Elf:3    | Got an ichor-stained spear
 87829 | Elf:3    | Identified the +8 spear "Pewude" {pierce, rElec Int+1 SInv} (You found it on level 3 of the Elven Halls)
 88791 | Vaults:5 | Entered Level 5 of the Vaults
 89077 | Vaults:5 | Reached XP level 24. HP: 76/139 MP: 47/47
 89379 | Vaults:5 | Noticed Saint Roka
 89380 | Vaults:5 | Killed Saint Roka
 89833 | Vaults:5 | Paralysed by the power of Zot for 5 turns
 90052 | Vaults:5 | Got a silver rune of Zot
 90064 | Vaults:5 | Got a pitted jade ring
 90217 | Vaults:5 | Reached skill level 26 in Spellcasting
 90571 | Vaults:5 | Got a polished scale mail
 90573 | Vaults:5 | Identified the +5 scale mail "Isirenu" {Slay+5} (You took it off an orc knight on level 5 of the Vaults)
 90575 | Vaults:5 | Identified the ring "Chumen" {Wiz rC- Int+4} (You took it off an orc on level 5 of the Vaults)
 91671 | Lair:1   | Learned a level 1 spell: Animate Skeleton
 91679 | Lair:1   | Learned a level 7 spell: Ring of Flames
 91971 | Slime:1  | Entered Level 1 of the Pits of Slime
 92093 | Slime:2  | Gained mutation: Your magical and physical power is greatly enhanced at high health. [demonic ancestry]
 92093 | Slime:2  | Reached XP level 25. HP: 142/144 MP: 39/48
 92557 | Slime:3  | Reached skill level 27 in Spellcasting
 92697 | Slime:3  | Reached skill level 1 in Shields
 93418 | Slime:5  | Reached skill level 5 in Dodging
 93494 | Slime:5  | Reached skill level 5 in Shields
 93976 | Slime:6  | Entered Level 6 of the Pits of Slime
 93995 | Slime:6  | Noticed the royal jelly
 93997 | Slime:6  | Killed the royal jelly
 94530 | Slime:6  | Got a slimy rune of Zot
 94532 | Slime:6  | Got a shimmering bone amulet
 94533 | Slime:6  | Identified the amulet of Reimbursement {+Rage Int+3 Dex+2} (You found it on level 6 of the Pits of Slime)
 95427 | Depths:2 | Reached skill level 1 in Charms
 95614 | Depths:4 | Reached skill level 5 in Charms
 95657 | Depths:4 | Gained mutation: You are completely covered in sharp spines. [demonic ancestry]
 95657 | Depths:4 | Reached XP level 26. HP: 141/150 MP: 23/49
 96582 | Depths:5 | Entered Level 5 of the Depths
 96882 | Depths:5 | Found a gate to the Realm of Zot.
 96921 | Depths:5 | Reached skill level 10 in Shields
 97041 | Depths:5 | Got a bloodstained leather armour
 97064 | Depths:5 | Identified the cursed +4 leather armour of Ralucerch {Dex+3 Stlth+} (You found it on level 5 of the Depths)
 97432 | Depths:5 | Reached skill level 10 in Dodging
 97877 | Lair:1   | Learned a level 6 spell: Deflect Missiles
 97896 | Lair:1   | Learned a level 5 spell: Cigotuvi's Embrace
 97994 | D:5      | Killed Prince Ribbit
 98088 | D:5      | Got a fine flail
 98090 | D:5      | Identified the cursed +5 flail of Klocy {antimagic, Int+1} (You took it off an orc on level 5 of the Dungeon)
 98165 | D:5      | Killed an angel
 98587 | Zig:1    | Entered Level 1 of a ziggurat
 98588 | Zig:1    | Reached skill level 1 in Necromancy
 98615 | Zig:2    | Entered Level 2 of a ziggurat
 98628 | Zig:2    | Got a twitching tin ring
 98637 | Zig:2    | Identified the ring "Phefobruu" {Fire Str+3 Int+3} (You found it on level 2 of a ziggurat)
 98646 | Zig:3    | Entered Level 3 of a ziggurat
 98670 | Zig:4    | Entered Level 4 of a ziggurat
 98726 | Zig:5    | Entered Level 5 of a ziggurat
 98742 | Zig:5    | Got a translucent hand axe
 98743 | Zig:5    | Identified the cursed -1 hand axe "Steax" {speed, +Blink} (You found it on level 5 of a ziggurat)
 98783 | Zig:5    | Got a transparent shield
 98794 | Zig:5    | Identified the +0 shield of the Kraken {rF+ Stlth+} (You acquired it on level 5 of a ziggurat)
 98824 | Zig:6    | Entered Level 6 of a ziggurat
 98831 | Zig:6    | Reached skill level 1 in Armour
 98833 | Zig:6    | Reached skill level 5 in Armour
 98855 | Zig:6    | Identified a +6 rod of shadows (13/13) (You found it on level 6 of a ziggurat)
 98867 | Zig:6    | Identified Pruov's Compendium of Beguiling
 98878 | Zig:7    | Entered Level 7 of a ziggurat
 98920 | Zig:7    | Identified a +2 rod of shadows (14/14) (You found it on level 7 of a ziggurat)
 98944 | Zig:8    | Entered Level 8 of a ziggurat
 99134 | Zig:8    | Got a steaming rapier
 99135 | Zig:8    | Identified the +4 rapier "Viajakko" {flame, Str+1} (You found it on level 8 of a ziggurat)
 99154 | Zig:9    | Entered Level 9 of a ziggurat
 99162 | Zig:9    | Reached skill level 10 in Armour
 99252 | Zig:9    | Reached XP level 27. HP: 155/171 MP: 49/49
 99300 | Zig:9    | Identified a +1 pair of boots of running (You found it on level 9 of a ziggurat)
 99311 | Zig:10   | Entered Level 10 of a ziggurat
 99422 | Zig:10   | Got a twisted ring mail
 99423 | Zig:10   | Identified the cursed -2 ring mail of Baldness {rPois rF++ rC+} (You found it on level 10 of a ziggurat)
 99493 | Zig:11   | Entered Level 11 of a ziggurat
 99700 | Zig:11   | Got an encrusted long sword
 99701 | Zig:11   | Identified the +3 long sword "Thrurunou" {antimagic, Int+2} (You found it on level 11 of a ziggurat)
 99705 | Zig:11   | Got a pitted dagger
 99706 | Zig:11   | Identified the +6 dagger "Leis" {antimagic, Contam rElec rF+ Str-2 SInv} (You found it on level 11 of a ziggurat)
 99730 | Zig:12   | Entered Level 12 of a ziggurat
 99788 | Zig:12   | Got a bound pewter ring
 99820 | Zig:12   | Identified the cursed ring of the Jester {+Rage AC-4} (You found it on level 12 of a ziggurat)
 99863 | Zig:13   | Entered Level 13 of a ziggurat
 99870 | Zig:13   | Noticed Otsonn the pandemonium lord
 99874 | Zig:13   | Killed Otsonn the pandemonium lord
 99874 | Zig:13   | Reached skill level 10 in Charms
 99885 | Zig:13   | Noticed Iwkuergh the pandemonium lord
 99888 | Zig:13   | Killed Iwkuergh the pandemonium lord
 99890 | Zig:13   | Noticed Shuwanex the pandemonium lord
 99893 | Zig:13   | Killed Shuwanex the pandemonium lord
100010 | Zig:13   | Got a vibrating amber ring
100023 | Zig:13   | Got a clouded emerald amulet
100032 | Zig:13   | Got a vibrating silver amulet
100033 | Zig:13   | Identified the amulet "Kur Icir" {Inacc Str+1 Int+3} (You found it on level 13 of a ziggurat)
100036 | Zig:13   | Identified the amulet "Teedy" {Ward rElec rN+} (You found it on level 13 of a ziggurat)
100045 | Zig:13   | Identified the ring "Qotol" {rN+ Int+1 Stlth+} (You found it on level 13 of a ziggurat)
100073 | Zig:14   | Entered Level 14 of a ziggurat
100092 | Zig:14   | Noticed Noeh the pandemonium lord
100099 | Zig:14   | Killed Noeh the pandemonium lord
100239 | Zig:15   | Entered Level 15 of a ziggurat
100452 | Zig:16   | Entered Level 16 of a ziggurat
100477 | Zig:16   | Reached skill level 15 in Charms
100648 | Zig:16   | Got a wavering iron ring
100650 | Zig:16   | Identified the ring of Kuyxepurch {-Tele rPois rC+} (You found it on level 16 of a ziggurat)
100674 | Zig:16   | Got a jewelled dagger
100675 | Zig:16   | Identified the +4 dagger of Execution {pierce, +Rage rElec} (You found it on level 16 of a ziggurat)
100679 | Zig:16   | Got a dazzling morningstar
100683 | Zig:16   | Identified the +2 morningstar "Eviscerator" {freeze, rElec rC+ rN+ Dex+3 SInv} (You found it on level 16 of a ziggurat)
100689 | Zig:17   | Entered Level 17 of a ziggurat
100780 | Zig:17   | Got a translucent jade ring
100784 | Zig:17   | Identified the ring "Biq Erul" {Wiz +Inv rN+} (You found it on level 17 of a ziggurat)
100788 | Zig:17   | Gained mutation: Your spells are a little harder to cast, but a little more powerful. [potion of beneficial mutation]
100819 | Zig:18   | Entered Level 18 of a ziggurat
100834 | Zig:18   | Reached skill level 1 in Transmutations
100835 | Zig:18   | Noticed Uder Ung the pandemonium lord
100837 | Zig:18   | Noticed Prati the pandemonium lord
100838 | Zig:18   | Noticed Plog the pandemonium lord
100838 | Zig:18   | Killed Uder Ung the pandemonium lord
100839 | Zig:18   | Noticed Leypton the pandemonium lord
100839 | Zig:18   | Reached skill level 5 in Transmutations
100840 | Zig:18   | Killed Prati the pandemonium lord
100841 | Zig:18   | Noticed Xaosised the pandemonium lord
100841 | Zig:18   | Killed Leypton the pandemonium lord
100842 | Zig:18   | Killed Plog the pandemonium lord
100843 | Zig:18   | Noticed Fellaasa the pandemonium lord
100847 | Zig:18   | Reached skill level 10 in Transmutations
100848 | Zig:18   | Killed Fellaasa the pandemonium lord
100848 | Zig:18   | Killed Xaosised the pandemonium lord
100853 | Zig:18   | Noticed Cleaffiz the pandemonium lord
100856 | Zig:18   | Killed Cleaffiz the pandemonium lord
100856 | Zig:18   | Reached skill level 10 in Fighting
101009 | Zig:19   | Entered Level 19 of a ziggurat
101020 | Zig:19   | Noticed Usocar the pandemonium lord
101021 | Zig:19   | Noticed Phuwourau the pandemonium lord
101024 | Zig:19   | Killed Phuwourau the pandemonium lord
101026 | Zig:19   | Killed Usocar the pandemonium lord
101042 | Zig:19   | Noticed Gropnerph the pandemonium lord
101045 | Zig:19   | Noticed Stunaic the pandemonium lord
101048 | Zig:19   | Killed Stunaic the pandemonium lord
101049 | Zig:19   | Killed Gropnerph the pandemonium lord
101057 | Zig:19   | Noticed Trudgh the pandemonium lord
101060 | Zig:19   | Killed Trudgh the pandemonium lord
101153 | Zig:19   | Got a scorched bone ring
101157 | Zig:19   | Identified the ring of Kouffesa {rC+ Int+2} (You found it on level 19 of a ziggurat)
101193 | Zig:20   | Entered Level 20 of a ziggurat
101318 | Zig:20   | Got a warped marble ring
101320 | Zig:20   | Identified the ring "Streff Miteosk" {SustAb Str+3} (You found it on level 20 of a ziggurat)
101327 | Zig:20   | Got a transparent turquoise ring
101329 | Zig:20   | Identified the ring of Egumago {+Fly rC+ rN+ SInv} (You found it on level 20 of a ziggurat)
101340 | Zig:20   | Got a smoking mace
101349 | Zig:20   | Got a faintly glowing bone amulet
101350 | Zig:20   | Identified the amulet "Suontutt" {Clar Int+4 Dex+2} (You found it on level 20 of a ziggurat)
101400 | Zig:21   | Entered Level 21 of a ziggurat
101410 | Zig:21   | Noticed an orb of fire
101412 | Zig:21   | Noticed an orb of fire
101416 | Zig:21   | Killed an orb of fire
101417 | Zig:21   | Noticed an orb of fire
101419 | Zig:21   | Noticed an orb of fire
101421 | Zig:21   | Noticed an orb of fire
101423 | Zig:21   | Reached skill level 5 in Necromancy
101424 | Zig:21   | Killed an orb of fire
101425 | Zig:21   | Gained mutation: Your magical capacity is low (-10% MP). [an orb of fire]
101426 | Zig:21   | Noticed an orb of fire
101426 | Zig:21   | Noticed an orb of fire
101433 | Zig:21   | Killed an orb of fire
101434 | Zig:21   | Killed an orb of fire
101436 | Zig:21   | Killed an orb of fire
101437 | Zig:21   | Killed an orb of fire
101437 | Zig:21   | Reached skill level 10 in Necromancy
101440 | Zig:21   | Noticed an orb of fire
101447 | Zig:21   | Killed an orb of fire
101469 | Zig:21   | Killed an orb of fire
101719 | Zig:21   | Got a vibrating ivory ring
101723 | Zig:21   | Identified the ring "Sexahoih" {Str-3 Int+3 Dex+2} (You found it on level 21 of a ziggurat)
101728 | Zig:21   | Identified Kiekhlu's Volume of Transmutation and Envenoming
101769 | Zig:21   | Got a warped jade ring
101770 | Zig:21   | Identified the ring of Locunt {Wiz Contam rF+} (You found it on level 21 of a ziggurat)
101955 | Zig:21   | Reached skill level 10 in Earth Magic
101960 | Zig:21   | Got a glittering bronze ring
101962 | Zig:21   | Identified the ring of the Philosopher {rPois rC+ rN+} (You found it on level 21 of a ziggurat)
101977 | Zig:21   | Got a wavering gossamer ring
101980 | Zig:21   | Identified the ring "Catam" {MR+ Slay-5 SInv} (You found it on level 21 of a ziggurat)
102011 | Zig:22   | Entered Level 22 of a ziggurat
102051 | Zig:22   | Reached skill level 15 in Necromancy
102169 | Zig:22   | Identified the Collected Works on Confrontation and Ice
102446 | Zig:22   | Got a jewelled cloak
102457 | Zig:22   | Identified the +2 cloak "Hetimmang" {Str-2} (You acquired it on level 22 of a ziggurat)
102477 | Zig:23   | Entered Level 23 of a ziggurat
102860 | Zig:23   | Got a clouded jade ring
102862 | Zig:23   | Identified the ring "Freku" {rC+ Str+3 Int+1} (You found it on level 23 of a ziggurat)
102879 | Zig:23   | Got an ancient granite ring
102880 | Zig:23   | Identified the ring of Ucickecierph {rF+ MR+ Str+2 Slay+3} (You found it on level 23 of a ziggurat)
102908 | Zig:24   | Entered Level 24 of a ziggurat
102927 | Zig:24   | Reached skill level 1 in Unarmed Combat
102937 | Zig:24   | Reached skill level 5 in Unarmed Combat
103004 | Zig:24   | Reached skill level 10 in Unarmed Combat
103135 | Zig:24   | Got a brightly glowing silver ring
103139 | Zig:24   | Identified the ring "Crown" {rElec rPois MR++ Int+2 Stlth--} (You found it on level 24 of a ziggurat)
103148 | Zig:24   | Got a crystal mace
103149 | Zig:24   | Identified the +6 mace "Chonub" {vamp, SInv} (You found it on level 24 of a ziggurat)
103241 | Zig:24   | Gained mutation: You heal very quickly. [potion of beneficial mutation]
103285 | Zig:25   | Entered Level 25 of a ziggurat
103334 | Zig:25   | Reached skill level 15 in Unarmed Combat
103405 | Zig:25   | Got a fine ivory amulet
103408 | Zig:25   | Identified the amulet "Momeomm" {Gourm Slay+4} (You found it on level 25 of a ziggurat)
103415 | Zig:25   | Identified Sif Muna's Volume of the Unstable Escort
103424 | Zig:25   | Got an iridescent dagger
103425 | Zig:25   | Identified the cursed +2 dagger of Eternal Vigilance {flame, -Tele rElec Dex+1} (You found it on level 25 of a ziggurat)
103436 | Zig:25   | Got an ichor-stained leather armour
103451 | Zig:25   | Identified the +2 leather armour "Thoffeh" {rF+} (You found it on level 25 of a ziggurat)
103460 | Zig:25   | Got a jewelled leather armour
103467 | Zig:25   | Identified the cursed +0 leather armour of Darkness {rElec} (You found it on level 25 of a ziggurat)
103491 | Zig:26   | Entered Level 26 of a ziggurat
103576 | Zig:26   | Identified the Reference Book on Air
103580 | Zig:26   | Gained mutation: You can breathe flames. [potion of beneficial mutation]
103690 | Zig:26   | Got a slimy scale mail
103707 | Zig:26   | Identified the +5 scale mail of the Heavens {rPois rN+ Dex+1} (You found it on level 26 of a ziggurat)
103730 | Zig:27   | Entered Level 27 of a ziggurat
104560 | Lair:1   | Learned a level 8 spell: Necromutation
104567 | Lair:1   | Learned a level 6 spell: Statue Form
104570 | Lair:1   | Learned a level 2 spell: Stoneskin
104574 | Lair:1   | Learned a level 3 spell: Passwall
104631 | Lair:1   | Gained mutation: You expend magic power (6 MP) to slightly strengthen your wands. [mutagenic glow]
104686 | Lair:1   | Gained mutation: Scrolls take you a little longer to read. [mutagenic glow]
105218 | Lair:1   | Upgraded the game from 0.16-a0-3325-g64f94fb to 0.16-a0-3330-g2931290
105583 | Zot:1    | Entered Level 1 of the Realm of Zot
106141 | Zot:1    | Got a pair of ichor-stained boots
106155 | Zot:1    | Identified the cursed +0 pair of boots of Too Many Cooks {Str+3 Int+3} (You found it on level 1 of the Realm of Zot)
106343 | Zot:1    | Got a smoking leather armour
106346 | Zot:1    | Got a pair of faintly glowing boots
106421 | Zot:1    | Got a dazzling buckler
106450 | Zot:1    | Identified the +3 leather armour of the Alphagorgon {Str-3 Slay-5 Curse} (You found it on level 1 of the Realm of Zot)
106474 | Zot:1    | Identified the cursed -4 pair of boots of the Twelve Tales {+Fly rC+} (You found it on level 1 of the Realm of Zot)
106499 | Zot:1    | Identified the +2 buckler of Integrity {rF+ Slay+4} (You found it on level 1 of the Realm of Zot)
108935 | Zot:5    | Entered Level 5 of the Realm of Zot
109190 | Zot:5    | Noticed an orb of fire
109193 | Zot:5    | Killed an orb of fire
109375 | Zot:5    | Noticed an ancient lich
109394 | Zot:5    | Killed an ancient lich
109555 | Zot:5    | Noticed an ancient lich
109556 | Zot:5    | Killed an ancient lich
109562 | Zot:5    | Noticed an orb of fire
109569 | Zot:5    | Killed an orb of fire
109570 | Zot:5    | Noticed an orb of fire
109581 | Zot:5    | Killed an orb of fire
109678 | Zot:5    | Noticed an ancient lich
109680 | Zot:5    | Killed an ancient lich
109721 | Zot:5    | Noticed an orb of fire
109726 | Zot:5    | Killed an orb of fire
109852 | Zot:5    | Noticed an ancient lich
109855 | Zot:5    | Killed an ancient lich
109856 | Zot:5    | Noticed an orb of fire
109857 | Zot:5    | Noticed an orb of fire
109860 | Zot:5    | Gained mutation: You are weak. (Str -2) [an orb of fire]
109863 | Zot:5    | Killed an orb of fire
109863 | Zot:5    | Killed an orb of fire
109953 | Zot:5    | Noticed an orb of fire
109962 | Zot:5    | Killed an orb of fire
110013 | Zot:5    | Noticed an ancient lich
110015 | Zot:5    | Killed an ancient lich
110017 | Zot:5    | Noticed an ancient lich
110020 | Zot:5    | Killed an ancient lich
110022 | Zot:5    | Noticed an orb of fire
110028 | Zot:5    | Killed an orb of fire
110363 | Hell     | Entered the Vestibule of Hell
110369 | Hell     | Noticed Geryon
110403 | Hell     | Reached skill level 27 in Necromancy
110518 | Hell     | Killed Geryon
110741 | Hell     | Found a gateway to the North Pole.
110816 | Hell     | Found a gateway to the Iron City of Dis.
110865 | Hell     | Found a gateway to the ashen valley of Gehenna.
110953 | Hell     | Found a gateway to the decaying netherworld of Tartarus.
111208 | Nor:1    | Entered Level 1 of the North Pole
112630 | Nor:5    | Reached skill level 27 in Conjurations
112908 | Nor:7    | Entered Level 7 of the North Pole
113465 | D:10     | Noticed a hill giant
113466 | D:10     | Killed a hill giant
114674 | Nor:7    | Noticed Antaeus
114682 | Nor:7    | Killed Antaeus
114722 | Nor:7    | Got an icy rune of Zot
114803 | Nor:7    | Noticed the Serpent of Hell
114812 | Nor:7    | Killed the Serpent of Hell
114990 | Nor:7    | Got a shimmering bronze amulet
114993 | Nor:7    | Identified the amulet of Xom's Pride {Faith rF- SInv} (You found it on level 7 of the North Pole)
115149 | Dis:1    | Entered Level 1 of the Iron City of Dis
115943 | Dis:7    | Entered Level 7 of the Iron City of Dis
116380 | Dis:7    | Killed from afar by a Hell Sentinel

Action                   |  1- 3 |  4- 6 |  7- 9 | 10-12 | 13-15 | 16-18 | 19-21 | 22-24 | 25-27 || total
-------------------------+-------+-------+-------+-------+-------+-------+-------+-------+-------++-------
Melee: Unarmed           |    13 |       |       |       |       |       |       |       |       ||    13
       Club              |    47 |       |       |       |       |       |       |       |       ||    47
       Short sword       |     9 |    22 |    40 |       |       |       |       |       |       ||    71
       Mace              |       |       |    57 |       |       |       |       |       |       ||    57
       Dagger            |       |       |       |     7 |       |       |       |       |       ||     7
       Spear             |       |       |       |    50 |    66 |     6 |       |       |       ||   122
       Morningstar       |       |       |       |       |     1 |       |       |       |       ||     1
       Staff             |       |       |       |       |     3 |    25 |     4 |    11 |    13 ||    56
 Cast: Flame Tongue      |    75 |   137 |   364 |   301 |    49 |       |       |       |       ||   926
       Conjure Flame     |     3 |     5 |    18 |    19 |     2 |       |       |       |       ||    47
       Throw Flame       |       |       |    41 |   173 |    88 |       |       |       |       ||   302
       Fireball          |       |       |     7 |   138 |   182 |   133 |    76 |    11 |   200 ||   747
       Inner Flame       |       |       |     2 |    11 |       |       |       |       |       ||    13
       Force Lance       |       |       |       |    17 |    22 |    80 |    88 |    18 |   104 ||   329
       Stone Arrow       |       |       |       |     3 |     3 |       |       |       |       ||     6
       Orb of Destructio |       |       |       |    50 |   357 |   412 |   170 |    97 |   108 ||  1194
       Bolt of Magma     |       |       |       |     4 |   150 |    95 |       |       |       ||   249
       Iskenderun's Batt |       |       |       |       |    28 |    24 |       |       |       ||    52
       Spellforged Servi |       |       |       |       |    35 |   108 |    77 |    32 |    80 ||   332
       Repel Missiles    |       |       |       |       |       |     4 |     5 |     1 |     2 ||    12
       Iron Shot         |       |       |       |       |       |    15 |   102 |    18 |   118 ||   253
       Fire Storm        |       |       |       |       |       |     1 |   135 |   295 |   856 ||  1287
       Apportation       |       |       |       |       |       |       |       |     3 |     1 ||     4
       Ring of Flames    |       |       |       |       |       |       |       |       |   146 ||   146
       Deflect Missiles  |       |       |       |       |       |       |       |       |     4 ||     4
       Necromutation     |       |       |       |       |       |       |       |       |    23 ||    23
       Statue Form       |       |       |       |       |       |       |       |       |     2 ||     2
       Stoneskin         |       |       |       |       |       |       |       |       |     1 ||     1
       Passwall          |       |       |       |       |       |       |       |       |     1 ||     1
       Cigotuvi's Embrac |       |       |       |       |       |       |       |       |     1 ||     1
 Abil: Evoke Flight      |       |       |       |       |       |       |       |       |     9 ||     9
       End Transformatio |       |       |       |       |       |       |       |       |     3 ||     3
       Stop Flying       |       |       |       |       |       |       |       |       |     1 ||     1
Evoke: Wand              |       |       |     6 |    20 |     1 |       |       |     2 |     1 ||    30
       Phial of floods   |       |       |       |       |     1 |       |       |       |       ||     1
       Fan of gales      |       |       |       |       |       |       |     2 |       |     2 ||     4
       Lamp of fire      |       |       |       |       |       |       |     3 |       |     7 ||    10
       Stone of tremors  |       |       |       |       |       |       |       |       |     3 ||     3
  Use: Scroll            |     5 |     3 |    17 |     7 |    25 |    18 |     3 |    30 |    55 ||   163
       Potion            |     3 |     2 |       |     1 |     1 |     5 |    15 |     2 |    20 ||    49
 Stab: Sleeping          |       |       |       |     1 |       |       |       |       |       ||     1
  Eat: Chunk             |     4 |     5 |    21 |    51 |   166 |   171 |    69 |   167 |   215 ||   869
       Fruit             |       |     2 |     1 |       |       |       |    16 |     6 |     8 ||    33
       Royal jelly       |       |       |     1 |       |       |       |     2 |       |     7 ||    10
       Pizza             |       |       |       |     2 |       |       |     5 |       |     1 ||     8
       Beef jerky        |       |       |       |     2 |       |       |     8 |     8 |     3 ||    21
       Meat ration       |       |       |       |     2 |       |       |       |       |     3 ||     5
       Bread ration      |       |       |       |     1 |       |       |     5 |     1 |    10 ||    17
